Map: Rhoskallian LE

Players

Massa - Winner!

  • Race: Terran Terran
  • League: Gold
  • Spawn Location: 5:00

qqq - Winner!

  • Race: Zerg Zerg
  • Spawn Location: 6:00

jinxme

  • Race: Terran Terran
  • League: Diamond
  • Spawn Location: 11:00

oblivian

  • Race: Zerg Zerg
  • League: Platinum
  • Spawn Location: 12:00

VOD

Have the link to the VOD?

Description

Time

  • Played on: June 24, 2020, 6:58 a.m.
  • Length: 4:57
Show
View Real Time Build Order
Export as new Build Order

Massa Terran - Winner!

Build Orders:  

Get SALT Encoding   

  12  0:08  SCV  
  13  0:20  Supply Depot  
  13  0:21  SCV  
  14  0:33  SCV  
  15  0:43  Barracks  
  15  0:45  SCV  
  16  0:57  SCV  
  16  1:01  Refinery  
  17  1:09  SCV  
  17  1:21  SCV  
  18  1:33  SCV  
  18  1:36  Barracks  
  18  1:38  Barracks, Marine  
  19  1:55  SCV  
  19  1:57  Barracks  
  19  1:59  Marine  
  21  2:17  Marine  
  22  2:24  Marine  
  22  2:27  Supply Depot  
  23  2:36  Supply Depot  
  23  2:37  Marine  
  23  2:40  Marine  
  23  2:49  Marine x2  
  25  2:55  Marine  
  25  2:57  Marine  
  25  3:06  Marine x2  
  25  3:07  Supply Depot  
  27  3:13  Marine  
  27  3:15  Marine  
  28  3:24  Marine x2  
  30  3:31  Marine  
  30  3:33  Marine  
  29  3:35  Bunker  
  29  3:40  Orbital Command  
  29  3:49  Marine x3  
  29  3:51  Marine  
  33  4:07  Marine x2  
  35  4:19  Barracks Tech Lab  
  35  4:20  Marine  
  36  4:25  Marine x2  
  38  4:37  Marine  
Show
View Real Time Build Order
Export as new Build Order

qqq Zerg - Winner!

Build Orders: Hatch First 

Get SALT Encoding   

  12  0:03  Drone  
  13  0:33  Hatchery  
  12  0:40  Overlord  
  12  0:45  Drone  
  12  0:49  Drone  
  14  1:08  Spawning Pool  
  14  1:10  Drone  
  14  1:17  Drone  
  15  1:26  Drone  
  15  1:29  Drone  
  15  1:30  Extractor  
  16  1:39  Drone  
  17  2:00  Queen  
  17  2:01  Drone  
  20  2:02  Zergling x4  
  20  2:03  Zergling x2  
  23  2:08  Drone  
  24  2:16  Zergling x2  
  25  2:27  Zergling x2  
  25  2:28  Zergling x2  
  25  2:29  Drone  
  28  2:33  Overlord  
  27  2:46  Queen  
  26  2:52  Zergling x4  
  26  2:53  Zergling x4  
  30  3:07  Metabolic Boost  
  30  3:08  Zergling x2  
  30  3:11  Roach Warren  
  27  3:22  Zergling x4  
  27  3:23  Drone x3  
  31  3:39  Zergling x2  
  31  3:40  Zergling x2  
  33  3:46  Lair  
  33  3:50  Zergling x2  
  34  3:58  Drone  
  34  3:59  Drone, Spine Crawler  
  34  4:00  Overlord  
  35  4:02  Overlord  
  35  4:13  Overlord  
  35  4:19  Roach  
  35  4:20  Roach  
  35  4:22  Roach  
  41  4:26  Roach  
  39  4:37  Roach x2  
  39  4:38  Roach  
Show
View Real Time Build Order
Export as new Build Order

jinxme Terran 

Build Orders:  

Get SALT Encoding   

  12  0:00  SCV  
  13  0:13  SCV  
  14  0:20  Supply Depot  
  14  0:29  SCV  
  15  0:42  SCV  
  16  1:03  Barracks  
  16  1:04  Barracks  
  16  1:37  Barracks  
  16  1:38  Barracks  
  16  1:49  Supply Depot  
  16  1:50  Marine  
  16  1:51  Marine  
  18  2:08  Marine  
  19  2:09  Marine  
  19  2:25  Marine x3  
  19  2:27  Marine  
  23  2:43  Marine x2  
  24  2:52  Marine x2  
  23  3:01  Marine x2  
  22  3:10  Marine x2  
  24  3:18  Marine  
  24  3:19  Marine  
  25  3:28  Marine  
  23  3:43  Marine x3  
  23  3:46  Marine  
  27  4:01  Marine x3  
  30  4:04  Marine  
  31  4:33  Marine  
  31  4:34  Marine x2  
  31  4:35  Marine  
Show
View Real Time Build Order
Export as new Build Order

oblivian Zerg 

Build Orders: Pool First 

Get SALT Encoding   

  12  0:19  Spawning Pool  
  11  0:23  Drone  
  11  0:27  Drone  
  13  0:36  Overlord  
  13  0:41  Drone  
  14  0:50  Extractor  
  14  0:51  Drone  
  14  0:58  Drone  
  15  1:05  Queen  
  17  1:13  Overlord  
  17  1:18  Drone  
  18  1:32  Zergling x2  
  19  1:39  Zergling x2  
  20  1:49  Zergling x2  
  21  2:02  Zergling x2  
  21  2:06  Metabolic Boost  
  22  2:14  Hatchery, Zergling x4  
  23  2:16  Zergling x2  
  24  2:25  Zergling x2  
  23  2:47  Zergling x4  
  23  2:50  Zergling x4  
  23  2:51  Zergling x2  
  26  3:11  Zergling x2  
  24  3:26  Zergling x2  
  24  3:27  Zergling x10  
  29  3:52  Baneling Nest  
  28  4:00  Zergling x4  
  28  4:01  Zergling x8  
  34  4:14  Drone  
  34  4:15  Overlord  
  34  4:16  Zergling x2  
  36  4:20  Overlord  
Tags
 
Add a new tag
Caveats
  • Supply blocks, unpowered buildings, or Contaminate may cause inaccurate times.
  • Supply counts are checked every 10 seconds.